 Dungeon Crawl Stone Soup version 0.16.3-4-gc506b73efe (webtiles) character file.

12097 BongwizSwagnificent the Placeless Octopus (level 11, -1/71 HPs)
             Began as an Octopode Wizard on Jan 13, 2024.
             Was a High Priest of Sif Muna.
             Killed from afar by an electric eel (9 damage)
             ... with a bolt of electricity
             ... on level 2 of the Lair of Beasts.
             The game lasted 01:23:49 (19932 turns).

BongwizSwagnificent the Placeless Octopus (OpWz)   Turns: 19932, Time: 01:23:49

Health: -1/71      AC:  3    Str:  9    XL:     11   Next: 88%
Magic:  23/29      EV: 14    Int: 24    God:    Sif Muna [*****.]
Gold:   745        SH:  0    Dex: 10    Spells: 6 memorised, 16 levels left

rFire  . . .     SeeInvis .     a - +5 long sword (elec)
rCold  + . .     Clarity  .     (no shield)
rNeg   . . .     SustAb   .     n - +1 hat
rPois  .         Gourm    .     T - amulet of resist mutation
rElec  .         Spirit   .     q - ring of protection from cold
rCorr  .         Warding  .     H - ring of stealth
rMut   +         Stasis   .     u - +1 ring of evasion
MR     .....                    (no ring)
Stlth  ++++......               (no ring)
                                (no ring)
                                (no ring)
                                (no ring)

@: repel missiles, not resistant to hostile enchantments, stealthy
A: almost no armour, amphibious, 8 rings, constrict 8, molten scales 1,
camouflage 1, strong 1, gelatinous body 1
a: Channel Energy, Forget Spell, Renounce Religion


You were on level 2 of the Lair of Beasts.
You worshipped Sif Muna.
Sif Muna was extremely pleased with you.
You were not hungry.

You visited 3 branches of the dungeon, and saw 13 of its levels.
You also visited: Sewer and Ice Cave.

You collected 745 gold pieces.

Inventory:

Hand weapons
 a - a +5 long sword of electrocution (weapon)
 c - a +1 dagger of protection
 e - a +0 spear of venom
 A - a +0 long sword of freezing
 I - a cursed -3 shortbow
 R - a +1 dagger of holy wrath
Missiles
 f - 39 poisoned needles
 s - 7 javelins (quivered)
 J - 5 arrows of dispersal
Armour
 n - a +1 hat (worn)
Magical staves
 b - an uncursed staff of air
Rods
 d - a +0 rod of destruction (9/9)
   (You found it on level 3 of the Dungeon)
Jewellery
 q - a ring of protection from cold (left tentacle)
 u - a +1 ring of evasion (on tentacle)
 H - a ring of stealth (right tentacle)
 T - an amulet of resist mutation (around mantle)
Magical devices
 F - a wand of paralysis (0)
Scrolls
 g - 9 scrolls of remove curse {unknown}
 k - 8 scrolls of identify
 o - 3 scrolls of noise {unknown}
 x - 2 scrolls of magic mapping
 B - 2 scrolls of fog {unknown}
 C - 3 scrolls of amnesia {unknown}
 D - 2 scrolls of recharging {unknown}
 X - a scroll of teleportation
Potions
 l - 5 potions of agility {unknown}
 m - a potion of mutation {unknown}
 t - 3 potions of might {unknown}
 E - 2 potions of haste {unknown}
 G - a potion of brilliance {unknown}
 K - 2 potions of ambrosia {unknown}
 M - 3 potions of restore abilities
 N - a potion of poison {unknown}
 P - 2 potions of magic {unknown}
 Q - a potion of degeneration {unknown}
 S - a potion of flight {unknown}
Books
 j - Roxanne's Catalogue of Transformation
   (You found it on level 6 of the Dungeon)

   Spells                             Type                      Level
   a - Beastly Appendage              Transmutation                1
   b - Irradiate                      Conjuration/Transmutation    5
   c - Blade Hands                    Transmutation                5
   d - Hydra Form                     Transmutation                6
 v - a book of Minor Magic

   Spells                             Type                      Level
   a - Magic Dart                     Conjuration                  1
   b - Blink                          Translocation                2
   c - Call Imp                       Summoning                    2
   d - Repel Missiles                 Charms/Air                   2
   e - Slow                           Hexes                        2
   f - Conjure Flame                  Conjuration/Fire             3
   g - Mephitic Cloud                 Conjuration/Poison/Air       3
 Y - a book of Ice

   Spells                             Type                      Level
   a - Ice Form                       Ice/Transmutation            4
   b - Metabolic Englaciation         Hexes/Ice                    5
   c - Ozocubu's Refrigeration        Ice                          6
   d - Bolt of Cold                   Conjuration/Ice              6
   e - Freezing Cloud                 Conjuration/Ice/Air          6
   f - Simulacrum                     Ice/Necromancy               6
Miscellaneous
 O - a fan of gales (inert)
 W - a disc of storms
Comestibles
 h - a royal jelly
 i - a chunk of flesh
 p - 33 fruits
 r - 4 meat rations
 U - 4 bread rations


   Skills:
 - Level 5.0 Fighting
 - Level 5.0 Dodging
 - Level 2.6 Stealth
 * Level 9.7 Spellcasting
 + Level 7.6 Conjurations
 + Level 0.4 Charms
 - Level 1.0 Summonings
 * Level 10.0 Translocations
 - Level 4.1 Air Magic
 - Level 4.0 Invocations
 - Level 3.0 Evocations


You had 16 spell levels left.
You knew the following spells:

 Your Spells              Type           Power        Failure   Level  Hunger
a - Magic Dart            Conj           ####         1%          1    None
b - Blink                 Tloc           N/A          1%          2    None
c - Call Imp              Summ           ###.....     8%          2    None
d - Repel Missiles        Chrm/Air       ###...       3%          2    None
e - Mephitic Cloud        Conj/Pois/Air  ####....     3%          3    None
f - Conjure Flame         Conj/Fire      ####....     3%          3    None


Dungeon Overview and Level Annotations

Branches:
Dungeon (10/15)            Temple (1/1) D:6            Lair (2/8) D:10
    Orc: D:9-12

Altars:
Ashenzari
Cheibriados
Dithmenos
Elyvilon
Fedhas
Gozag
Kikubaaqudgha
Makhleb
Nemelex Xobeh
Okawaru
Qazlal
Ru
Sif Muna
Trog
Vehumet
Xom
Yredelemnul
Zin
The Shining One

Shops:
D:6 ![*}   D:8 *


Innate Abilities, Weirdness & Mutations

You cannot wear most types of armour.
You are amphibious.
You can wear up to eight rings at the same time.
You can use your tentacles to constrict many enemies at once.
Your skin changes colour to match your surroundings (Stealth).
Your rubbery body absorbs attacks (AC +1).
You are partially covered in molten scales (AC +1).
Your muscles are strong. (Str +2)


Message History

The water moccasin barely misses you. The water moccasin closely misses you.
An adder comes into view.
You barely miss the water moccasin. Your grab misses the water moccasin.
The water moccasin bites you!
The electric eel shoots out a bolt of lightning at you!
The bolt of electricity hits you! The water moccasin bites you.
The electric eel shoots out a bolt of lightning at you!
The bolt of electricity hits you!
* * * LOW HITPOINT WARNING * * *
The water moccasin bites you!
* * * LOW HITPOINT WARNING * * *
Casting: Mephitic Cloud
Confirm with . or Enter, or press ? or * to list all spells.
Aiming: Mephitic Cloud
Press: ? - help, Shift-Dir - straight line The ball explodes into a vile cloud!
The stinking cloud engulfs the plant.
The stinking cloud engulfs the electric eel.
The electric eel shoots out a bolt of lightning at you!
The bolt of electricity hits you!
You die...

,,,,,,******≈....≈≈≈≈≈,,*****,*,,
,,,,,,* *≈≈≈...≈P≈≈≈♣,,,**,,,,,
,,,,,,* *≈≈....≈P≈≈≈≈♣,,,,,,,,,
****,,****♣≈≈....≈≈P;P≈♣,,,,,,,,,
***,,,,,*♣≈≈≈..≈♣≈§§P≈♣*,,,,,,,,
**,*,,,,,*♣♣≈≈...≈§≈§≈≈♣*,,,,,,,,
,,,,,.****♣P≈≈..≈.≈≈≈PP♣*,,,,,,,,
,,....# ♣≈PP.(..≈≈≈≈≈♣#,,,,,,,,
,.....#* ♣≈≈≈..@S≈≈S≈≈...,,,,,,,
......P* #♣♣≈≈...≈♣.....,,,,,,,,
......#* #P♣≈..P†#*#.##,,*,*,,,
......######*♣≈...## **#*,,****,,
.......#..###♣♣...##### *,,* *,,
...................P.P#**,,** *,,
.......................,,,,,* *,,
......PP##.P###.........,,,,* *,,
.......###### #...P.#.#**,,****,,


You could see a water moccasin, an electric eel and an adder.

Vanquished Creatures
  2 ice statues (IceCv)
  A manticore (D:8)
  An elephant (Lair:1)
  Maurice (D:9)
  A centaur skeleton (D:10)
  Grinder (D:4)
  A two-headed ogre (D:8)
  A basilisk (Lair:1)
  A wyvern (D:8)
  A steam dragon (D:9)
  12 yaks
  Eustachio (D:9)
  4 hippogriffs
  A deep elf mage (D:10)
  2 water moccasins
  15 ice beasts
  A sky beast (D:5)
  A black bear (D:3)
  4 ogres
  4 orc warriors
  A necrophage (D:5)
  3 centaurs
  10 giant frogs
  3 crocodiles (Lair:1)
  A gnoll sergeant (D:8)
  3 big kobolds
  Blork the orc (D:4)
  6 scorpions
  7 killer bees
  2 goliath beetles (Lair:1)
  2 centaur zombies
  8 hounds
  2 quasits
  8 orc priests
  An electric eel (Lair:2)
  2 giant frog skeletons
  7 crimson imps
  2 giant frog zombies (D:9)
  A jelly (D:7)
  8 iguanas
  A gnoll shaman (D:10)
  10 orc wizards
  7 worker ants
  2 sheep
  Ijyb (D:7)
  A hound zombie (D:5)
  3 hound skeletons
  13 adders
  5 gnolls (D:10)
  A human zombie (D:9)
  2 river rats
  A steam dragon zombie (D:9)
  3 worms
  3 giant mites
  4 shadow imps
  6 white imps
  3 ufetubi (IceCv)
  An adder simulacrum (D:9)
  2 oozes (D:2)
  50 orcs
  8 ball pythons
  A bat skeleton (D:4)
  11 hobgoblins
  9 jackals (Sewer)
  19 kobolds
  10 quokkas
  21 bats
  4 giant cockroaches
  7 giant geckos
  3 giant gecko zombies
  8 giant newts
  A giant spore (D:8)
  11 goblins
  2 goblin zombies (D:7)
  3 hobgoblin zombies (D:7)
  A jackal zombie (D:6)
  2 quokka skeletons
  27 rats
  2 ballistomycetes (D:8)
  7 plants
410 creatures vanquished.

Vanquished Creatures (collateral kills)
  A blue devil (IceCv)
  A yak (Lair:1)
  2 ice beasts (IceCv)
  3 killer bees
  A hound (Lair:1)
  A jelly (D:6)
  An orc wizard (D:7)
  A worker ant zombie (D:9)
  2 river rats (Lair:1)
  An adder (D:3)
  A white imp (IceCv)
  A giant mite (D:5)
  3 ufetubi (IceCv)
  An orc (D:7)
  A ball python (D:5)
  A goblin skeleton (D:7)
  3 goblin zombies (D:7)
  An orc skeleton (D:7)
  A rat (D:5)
27 creatures vanquished.

Vanquished Creatures (others)
  The ghost of engelados the Eclecticist, a powerful DECj of Vehumet (IceCv)
  An orc warrior (D:8)
  A sky beast (D:8)
  A killer bee (D:8)
  10 crimson imps
  2 iron imps
  A worker ant zombie (D:8)
  A shadow imp (Lair:1)
  3 ufetubi (IceCv)
  7 white imps
  A hobgoblin (D:8)
  A rat (D:8)
  2 fungi (Lair:1)
32 creatures vanquished.

Grand Total: 469 creatures vanquished

Notes
Turn   | Place    | Note
--------------------------------------------------------------
     0 | D:1      | BongwizSwagnificent, the Octopode Wizard, began the quest for the Orb.
     0 | D:1      | Reached XP level 1. HP: 11/11 MP: 4/4
   262 | D:1      | Reached XP level 2. HP: 17/17 MP: 6/6
   672 | D:2      | Learned a level 2 spell: Blink
   675 | D:2      | Learned a level 2 spell: Call Imp
   682 | D:2      | Learned a level 2 spell: Repel Missiles
   769 | D:2      | Reached XP level 3. HP: 12/21 MP: 8/8
  1091 | D:2      | Found a blossoming altar of Fedhas.
  1405 | D:3      | Reached XP level 4. HP: 11/27 MP: 10/10
  1456 | D:3      | Identified a +0 rod of destruction (9/9) (You found it on level 3 of the Dungeon)
  1571 | D:3      | Learned a level 3 spell: Mephitic Cloud
  1619 | D:3      | Found a shattered altar of Ashenzari.
  1624 | D:3      | Saw a vision of the Swamp and the Spider Nest.
  1624 | D:3      | Noticed a swamp drake
  1624 | D:3      | Noticed a redback
  1624 | D:3      | Noticed a scorpion
  1624 | D:3      | Noticed a redback
  1625 | D:3      | Noticed a redback
  1628 | D:3      | Noticed an alligator
  1641 | D:3      | Reached skill level 1 in Fighting
  1650 | D:3      | Reached XP level 5. HP: 15/33 MP: 2/12
  1663 | D:3      | Reached skill level 4 in Spellcasting
  1664 | D:3      | Noticed a trapdoor spider
  1665 | D:3      | Noticed a trapdoor spider
  1819 | D:3      | holy fuck
  2492 | D:3      | Reached XP level 6. HP: 29/39 MP: 12/15
  2494 | D:3      | Noticed a scorpion
  2495 | D:3      | Reached skill level 1 in Air Magic
  2495 | D:3      | Killed a scorpion
  2495 | D:3      | Reached skill level 1 in Evocations
  2621 | D:3      | Found a glowing silver altar of Zin.
  2674 | D:3      | Noticed a black bear
  2685 | D:3      | Killed a black bear
  2895 | D:3      | Learned a level 3 spell: Conjure Flame
  2922 | D:4      | Reached XP level 7. HP: 31/46 MP: 17/17
  2934 | D:4      | Found a shadowy altar of Dithmenos.
  3135 | D:4      | Found a shimmering altar of Xom.
  3138 | D:4      | Noticed Grinder
  3142 | D:4      | Paralysed by Grinder for 4 turns
  3147 | D:4      | Noticed Blork the orc
  3529 | D:4      | Killed Blork the orc
  3682 | D:4      | Killed Grinder
  4337 | D:5      | Entered Level 5 of the Dungeon
  4452 | D:5      | Found a glowing drain.
  4460 | Sewer    | Entered a sewer
  4620 | Sewer    | Reached XP level 8. HP: 17/54 MP: 19/19
  5535 | D:5      | Gained mutation: You are partially covered in molten scales (AC +1). [mutagenic meat]
  5536 | D:5      | Gained mutation: Your muscles are strong. (Str +2) [mutagenic meat]
  5896 | D:5      | Found a shattered altar of Ashenzari.
  5903 | D:5      | Found an opulent altar of Gozag.
  6014 | D:6      | Identified Roxanne's Catalogue of Transformation
  6314 | D:6      | Found a staircase to the Ecumenical Temple.
  6324 | Temple   | Entered the Ecumenical Temple
  6673 | D:6      | Found Diexood's Antique Armour Boutique.
  6675 | D:6      | Found Themes' Distillery.
  6679 | D:6      | Found Qunilei's General Store.
  7023 | D:6      | Found Xuahuz's Gadget Emporium.
  7135 | D:6      | Reached skill level 5 in Spellcasting
  7639 | D:7      | Noticed Ijyb
  7682 | D:7      | Killed Ijyb
  7698 | D:7      | Found a deep blue altar of Sif Muna.
  7738 | D:7      | Became a worshipper of Sif Muna the Loreminder
  7793 | D:7      | Found a glowing golden altar of the Shining One.
  7802 | D:7      | Reached skill level 5 in Fighting
  7802 | D:7      | Reached skill level 5 in Dodging
  7802 | D:7      | Reached XP level 9. HP: 42/61 MP: 9/21
  8629 | D:7      | Acquired Sif Muna's first power
  8629 | D:7      | Reached skill level 5 in Translocations
  8777 | D:7      | Reached skill level 6 in Spellcasting
  9420 | D:8      | Acquired Sif Muna's second power
  9572 | D:8      | Reached skill level 5 in Conjurations
 10203 | D:8      | Reached XP level 10. HP: 58/66 MP: 18/24
 10221 | D:8      | Reached skill level 7 in Spellcasting
 10230 | D:8      | Found Mamnicif's Demolitions Depot.
 10631 | D:8      | Found an ancient bone altar of Kikubaaqudgha.
 11480 | D:9      | Noticed Maurice
 11867 | D:9      | Reached skill level 8 in Spellcasting
 11933 | D:8      | Noticed a manticore
 11960 | D:8      | Killed a manticore
 12187 | D:9      | Noticed Eustachio
 12212 | D:9      | Killed Maurice
 12218 | D:9      | Reached skill level 1 in Invocations
 12228 | D:9      | Killed Eustachio
 12457 | D:9      | Acquired Sif Muna's third power
 12987 | D:9      | Reached XP level 11. HP: 60/71 MP: 22/28
 13198 | D:10     | Entered Level 10 of the Dungeon
 13338 | D:10     | Found a staircase to the Lair.
 13352 | Lair:1   | Entered Level 1 of the Lair of Beasts
 13495 | Lair:1   | Reached skill level 9 in Translocations
 16162 | Lair:2   | Found a frozen archway.
 16164 | Lair:2   | whoops
 16445 | IceCv    | Entered an ice cave
 16698 | IceCv    | Killed engelados' ghost
 16828 | IceCv    | Noticed an ice statue
 16828 | IceCv    | Noticed an ice statue
 17625 | IceCv    | Killed an ice statue
 18747 | IceCv    | Killed an ice statue
 18747 | IceCv    | Reached skill level 10 in Translocations
 19043 | IceCv    | Noticed an ice devil
 19932 | Lair:2   | Killed from afar by an electric eel

Action                   |  1- 3 |  4- 6 |  7- 9 | 10-12 || total
-------------------------+-------+-------+-------+-------++-------
Melee: Unarmed           |     9 |       |       |       ||     9
       Dagger            |    90 |    98 |   185 |   101 ||   474
       Long sword        |       |     6 |   252 |   260 ||   518
       Spear             |       |       |       |    16 ||    16
       Staff             |       |       |       |     3 ||     3
Throw: Javelin           |     6 |       |     7 |     6 ||    19
 Cast: Call Imp          |     2 |       |    19 |    87 ||   108
       Repel Missiles    |     1 |       |       |     2 ||     3
       Mephitic Cloud    |       |     3 |    44 |   103 ||   150
       Magic Dart        |       |       |    40 |    89 ||   129
       Conjure Flame     |       |       |    11 |     5 ||    16
       Blink             |       |       |     5 |    24 ||    29
Invok: Channel Energy    |       |       |       |    11 ||    11
Evoke: Rod               |       |     4 |     5 |    32 ||    41
       Fan of gales      |       |       |       |     1 ||     1
  Use: Potion            |       |     3 |     4 |     3 ||    10
       Scroll            |       |     2 |     7 |     7 ||    16
 Stab: Sleeping          |     4 |       |    11 |     1 ||    16
       Confused          |       |       |     7 |    21 ||    28
       Distracted        |       |       |     1 |     2 ||     3
  Eat: Chunk             |     2 |       |    26 |    21 ||    49
       Bread ration      |       |     1 |       |     2 ||     3
       Pizza             |       |     1 |       |       ||     1
       Fruit             |       |       |     2 |       ||     2
       Meat ration       |       |       |       |     2 ||     2
